 Dungeon Sprint DCSS version 0.27.1-33-g824d729ab1 (webtiles) character file.

Game seed: 3592212295223915473

1517 Adenis the Imperceptible (level 8, 0/64 HPs)
             Began as a Vampire Brigand on Dec 4, 2021.
             Was an Initiate of Dithmenos.
             Slain by a centaur warrior (5 damage)
             ... in the Dungeon (Sprint I: "Red Sonja").
             The game lasted 00:02:48 (275 turns).

Adenis the Imperceptible (Vampire Brigand)           Turns: 275, Time: 00:02:48

Health: 0/64       AC:  4    Str: 10    XL:     8   Next: 54%
Magic:  8/8        EV: 13    Int: 14    God:    Dithmenos [......]
Gold:   224        SH:  0    Dex: 17    Spells: 7/7 levels left

rFire    + . .     SeeInvis +   a - +2 dagger
rCold    + . .     Faith    .   (no shield)
rNeg     . . .     Spirit   .   g - +1 robe {rC+ rF+}
rPois    .         Reflect  .   (no helmet)
rElec    .         Harm     .   c - +0 cloak
rCorr    .         Rampage  .   (no gloves)
Will     .....     NoTele   +   (no boots)
Stlth    ++++++++..             (no amulet)
HPRegen  0.40/turn              (no ring)
MPRegen  0.11/turn              (no ring)

@: healing quickly
A: alive, fangs 3, see invisible, vampiric 2
a: Exsanguinate, Renounce Religion


You were in the Dungeon.
You worshipped Dithmenos.
Dithmenos was noncommittal.
You visited 1 branch You collected 551 gold pieces.
You spent 327 gold pieces at shops.

Inventory:

Hand Weapons
 a - a +2 dagger (weapon)
Missiles
 e - 4 curare-tipped darts (quivered)
Armour
 b - a +0 robe
 c - a +0 cloak (worn)
 g - a +1 robe of resistance (worn)
Scrolls
 k - a scroll of blinking
Potions
 d - a potion of heal wounds
 f - a potion of curing
 h - a potion of haste
 i - 2 potions of magic


   Skills:
 + Level 6.2 Fighting
 + Level 8.1 Short Blades
 + Level 4.8 Throwing
 + Level 3.8 Dodging
 + Level 21.4 Stealth


You had 7 spell levels left.
You didn't know any spells.
Your spell library was empty.

Dungeon Overview and Level Annotations

Branches:
Dungeon (1/1)

Altars:
Cheibriados
Dithmenos
Elyvilon
Fedhas
Gozag
Hepliaklqana
Kikubaaqudgha
Nemelex Xobeh
Okawaru
Qazlal
Ru
Sif Muna
Trog
Uskayaw
Vehumet
Wu Jian
Yredelemnul
Zin
The Shining One

Shops:
D ([


Innate Abilities, Weirdness & Mutations

Your natural rate of healing is accelerated.
You have razor-sharp teeth.
You have supernaturally acute eyesight. (SInv)
You are afflicted with vampirism and can become a bat while bloodless.


Message History

The centaur warrior barely misses you.
The centaur warrior kicks you but does no damage.
The centaur warrior hits you. The centaur warrior kicks you.
* * * LOW HITPOINT WARNING * * *
You hit the centaur warrior. You bite the centaur warrior.
The centaur warrior is lightly wounded.
The centaur warrior closely misses you. The centaur warrior kicks you.
* * * LOW HITPOINT WARNING * * *
The centaur warrior barely misses you. The centaur warrior misses you.
You hit the centaur warrior.
You bite the centaur warrior, but do no damage.
The centaur warrior is moderately wounded.
The centaur warrior hits you.
* * * LOW HITPOINT WARNING * * *
The centaur warrior kicks you.
* * * LOW HITPOINT WARNING * * *
The centaur warrior closely misses you.
The centaur warrior kicks you but does no damage.
You hit the centaur warrior but do no damage.
The centaur warrior is moderately wounded.
The centaur warrior hits you but does no damage.
The centaur warrior kicks you.
* * * LOW HITPOINT WARNING * * *
The centaur warrior hits you but does no damage.
The centaur warrior closely misses you.
You completely miss the centaur warrior.
You bite the centaur warrior.
The centaur warrior is moderately wounded.
The centaur warrior hits you.
* * * LOW HITPOINT WARNING * * *
The centaur warrior kicks you.
* * * LOW HITPOINT WARNING * * *
The centaur warrior barely misses you.
The centaur warrior kicks you but does no damage.
You hit the centaur warrior. Your bite misses the centaur warrior.
The centaur warrior is moderately wounded.
The centaur warrior hits you but does no damage.
The centaur warrior kicks you but does no damage.
The centaur warrior hits you.
You die...

############
.['.)#..'..#
..#.)'..#..+
####'#####'# ####
###..#...#)####§§#
__####..##.#§≈§cc#
_____##'#_.§§§≈.@+
_.∩...'..§§#§≈§.§#
_..__##_.#'##+####
_____###'#.# ###
########.####+###.##
+...'..†..'.∩#
#.).########## ##.##
#+#


You could see 2 centaur warriors.

Vanquished Creatures
  Sonja (D)
  A deep troll (D)
  Sigmund (D)
  A yak (D)
  An ogre (D)
  A jelly (D)
  Ijyb (D)
7 creatures vanquished.

Notes
Turn   | Place    | Note
-------+----------+-------------------------------------------
     0 | D        | Adenis the Vampire Brigand began the quest for the Orb.
     0 | D        | Reached XP level 1. HP: 16/16 MP: 1/1
     2 | D        | Noticed Ijyb
     6 | D        | Killed Ijyb
     7 | D        | Reached skill level 9 in Stealth
     7 | D        | Reached XP level 2. HP: 22/22 MP: 2/2
     9 | D        | Noticed an ogre
    13 | D        | Killed an ogre
    14 | D        | Reached skill level 12 in Stealth
    14 | D        | Gained mutation: You are afflicted with vampirism and can
                  | become a bat while bloodless. [Vampire growth]
    14 | D        | Reached XP level 3. HP: 28/28 MP: 3/3
    14 | D        | Reached XP level 4. HP: 34/34 MP: 4/4
    27 | D        | Noticed Sigmund
    62 | D        | Killed Sigmund
    63 | D        | Reached skill level 5 in Short Blades
    63 | D        | Reached skill level 15 in Stealth
    63 | D        | Reached XP level 5. HP: 36/42 MP: 5/5
    63 | D        | Reached XP level 6. HP: 42/48 MP: 6/6
   123 | D        | Found an ornate altar of the Wu Jian Council.
   123 | D        | Found a shimmering blue altar of Sif Muna.
   125 | D        | Found a radiant altar of Vehumet.
   134 | D        | Found Duxzul's Antique Weapon Emporium.
   134 | D        | Found an ancient bone altar of Kikubaaqudgha.
   134 | D        | Found a hazy altar of Hepliaklqana.
   134 | D        | Found a stormy altar of Qazlal.
   134 | D        | Found a hide-covered altar of Uskayaw.
   134 | D        | Found a blossoming altar of Fedhas.
   134 | D        | Found a bloodstained altar of Trog.
   134 | D        | Found an iron altar of Okawaru.
   134 | D        | Found a basalt altar of Yredelemnul.
   134 | D        | Found a snail-covered altar of Cheibriados.
   134 | D        | Found a sacrificial altar of Ru.
   134 | D        | Found a shadowy altar of Dithmenos.
   134 | D        | Noticed a yak
   135 | D        | Found an opulent altar of Gozag.
   136 | D        | Killed a yak
   137 | D        | Reached skill level 17 in Stealth
   137 | D        | Found a sparkling altar of Nemelex Xobeh.
   145 | D        | Became a worshipper of Dithmenos the Shadowed
   191 | D        | Noticed Sonja
   195 | D        | Killed Sonja
   196 | D        | Reached skill level 5 in Fighting
   196 | D        | Reached skill level 20 in Stealth
   196 | D        | Reached XP level 7. HP: 57/57 MP: 7/7
   196 | D        | Reached XP level 8. HP: 64/64 MP: 8/8
   208 | D        | Noticed a deep troll
   212 | D        | Killed a deep troll
   213 | D        | Reached skill level 21 in Stealth
   228 | D        | Found Vuow's Armour Emporium.
   236 | D        | Bought a +1 robe of resistance for 327 gold pieces
   264 | D        | Noticed a centaur warrior
   266 | D        | Noticed a centaur warrior
   275 | D        | Slain by a centaur warrior

Illustrated notes

Levels and vault maps discovered:
D:        dungeon_sprint_1 [red_sonja_temple_1, red_sonja_temple_small_1]

Skill      XL: |  1  2  3  4  5  6  7  8 |
---------------+-------------------------+-----
Fighting       | 2 4 5 6 |  6.2
Short Blades   | 3 5 7 8 |  8.1
Throwing       | 2 3 4 |  4.8
Stealth        | 9 12 15 20 21 | 21.4
Dodging        | 2 3 |  3.8

Action                   |  1- 3 |  4- 6 |  7- 9 || total
-------------------------+-------+-------+-------++-------
Melee: Dagger            |     2 |    21 |     7 ||    30
       Bite              |       |     1 |     3 ||     4
  Use: Potion            |       |     2 |       ||     2
 Stab: Sleeping          |     2 |     3 |     1 ||     6
Armor: Robe              |       |     1 |     8 ||     9
Dodge: Dodged            |       |    11 |     9 ||    20
